 Dungeon Crawl Stone Soup version 0.18.1-48-g4cf74bf (webtiles) character file.

52 gigapuddisalt the Bolt Thrower (level 4, 0/27 HPs)
             Began as a Kobold Hunter on July 6, 2016.
             Was an Initiate of Dithmenos.
             Slain by gigapuddisalt's ghost (1 damage)
             ... on level 3 of the Dungeon.
             The game lasted 00:08:52 (1379 turns).

gigapuddisalt the Bolt Thrower (Kobold Hunter)      Turns: 1379, Time: 00:08:53

Health: 0/27       AC:  3    Str: 10    XL:     4   Next: 8%
Magic:  4/4        EV: 21    Int:  9    God:    Dithmenos [......]
Gold:   47         SH:  0    Dex: 22    Spells: 0 memorised, 3 levels left

rFire  . . .     SeeInvis .     a - +1 hand crossbow
rCold  . . .     Gourm    .     c - +0 leather armour
rNeg   . . .     Faith    .     (shield restricted)
rPois  .         Spirit   .     (no helmet)
rElec  .         Dismiss  .     (no cloak)
rCorr  .         Reflect  .     (no gloves)
SustAt .         Harm     .     (no boots)
MR     .....                    (no amulet)
Stlth  ++++......               (no ring)
                                (no ring)

@: agile, not resistant to hostile enchantments, stealthy
A: carnivore 3
a: Renounce Religion


You were on level 3 of the Dungeon.
You worshipped Dithmenos.
Dithmenos was noncommittal.
You were not hungry.

You visited 1 branch of the dungeon, and saw 3 of its levels.

You collected 47 gold pieces.

Inventory:

Hand Weapons
 a - a +1 hand crossbow (weapon)
 b - a +0 short sword
Missiles
 d - a bolt (quivered)
Armour
 c - a +0 leather armour (worn)
Scrolls
 m - a scroll of remove curse
 o - a scroll of enchant weapon {unknown}
Potions
 e - a potion of agility
 g - a potion of haste {unknown}
 h - a potion of berserk rage {unknown}
 i - a potion of might {unknown}
 k - a potion of heal wounds {unknown}
 l - a potion of brilliance {unknown}
 p - a potion of curing {unknown}
Comestibles
 f - 2 meat rations
 j - 2 slices of pizza
 n - a beef jerky
 q - a royal jelly


   Skills:
 + Level 2.5 Fighting
 + Level 5.4 Crossbows
 - Level 0.5 Armour
 + Level 2.7 Dodging
 * Level 3.1 Stealth


You had 3 spell levels left.
You didn't know any spells.

Dungeon Overview and Level Annotations

Branches:
Dungeon (3/15)

Altars:
Dithmenos

Annotations:
D:3 gigapuddisalt's ghost, amateur KoHu


Innate Abilities, Weirdness & Mutations

You are small and have problems with some larger weapons.
You are carnivorous and can eat meat at any time.


Message History

Press: ? - help, Shift-Dir - straight line, f/p - gigapuddisalt's ghost
Aim: gigapuddisalt's ghost (almost destroyed)
You shoot a bolt. The bolt misses gigapuddisalt's ghost.
The bolt hits the kobold!
You kill the kobold!
Dithmenos accepts your kill. Gigapuddisalt's ghost hits you!
Gigapuddisalt's ghost closely misses you.
Firing (i - inventory):
d - 2 bolts (quivered)
Press: ? - help, Shift-Dir - straight line, f/p - gigapuddisalt's ghost
Aim: gigapuddisalt's ghost (almost destroyed)
You shoot a bolt.
The bolt closely misses gigapuddisalt's ghost.
Gigapuddisalt's ghost hits you!
* * * LOW HITPOINT WARNING * * *
Drink which item? (? for menu, Esc to quit)
It was a potion of agility.
You feel agile all of a sudden. Gigapuddisalt's ghost hits you.
You die...

#...........#.######
#..................#
#............#...#..#
####.#######...#.##..
#(# #............ # #.#
#.#......###. ... #.#
#.#......#
.....#.#####....###.####
.......<.((()..W@.......
###....##.#..........###
###..##......<.......#
#...#####..........#
##.. ...>......#### #.#
##............ #.#
#.........### ..
............#
...#..######.#


You could see gigapuddisalt's ghost.

Vanquished Creatures
  2 adders (D:2)
  2 worms (D:2)
  2 dart slugs
  2 giant cockroaches
  2 hobgoblins
  6 bats
  A giant newt (D:1)
  3 goblins
  4 kobolds
  4 rats
28 creatures vanquished.

Notes
Turn   | Place    | Note
--------------------------------------------------------------
     0 | D:1      | gigapuddisalt the Kobold Hunter began the quest for the Orb.
     0 | D:1      | Reached XP level 1. HP: 12/12 MP: 1/1
   162 | D:1      | Reached XP level 2. HP: 18/18 MP: 2/2
   559 | D:1      | Reached skill level 5 in Crossbows
   669 | D:2      | Reached XP level 3. HP: 22/22 MP: 3/3
   774 | D:2      | Found a shadowy altar of Dithmenos.
   782 | D:2      | Became a worshipper of Dithmenos the Shadowed
  1198 | D:2      | Reached XP level 4. HP: 27/27 MP: 4/4
  1339 | D:3      | Noticed gigapuddisalt's ghost (amateur KoHu)
  1377 | D:3      | HP: 1/27 [gigapuddisalt's ghost (10)]
  1379 | D:3      | Slain by gigapuddisalt's ghost

Skill      XL: |  1  2  3 |
---------------+----------+-----
Stealth        | 2 3 |  3.1
Crossbows      | 5 |  5.4
Fighting       | |  2.5
Armour         | |  0.5
Dodging        | |  2.7

Action                   |  1- 3 |  4- 6 || total
-------------------------+-------+-------++-------
 Fire: Hand crossbow     |    58 |    12 ||    70
  Use: Scroll            |     1 |       ||     1
       Potion            |       |     1 ||     1
  Eat: Chunk             |     4 |     1 ||     5
Armor: Leather armour    |     1 |     4 ||     5
Dodge: Dodged            |    15 |     7 ||    22
